 Dungeon Crawl Stone Soup version 0.16.2-12-gd0ad4c3 (webtiles) character file.

22885 faibistes the Thaumaturge (level 12, -1/68 HPs)
             Began as a Deep Elf Wizard on Feb 16, 2018.
             Was the Champion of Sif Muna.
             Slain by a black mamba (11 damage)
             ... on level 4 of the Lair of Beasts on Feb 17, 2018.
             The game lasted 01:20:54 (26012 turns).

faibistes the Thaumaturge (Deep Elf Wizard)        Turns: 26012, Time: 01:20:55

Health: -1/68      AC: 13    Str:  4    XL:     12   Next: 67%
Magic:  41/45      EV: 16    Int: 29    God:    Sif Muna [******]
Gold:   654        SH:  0    Dex: 13    Spells: 11 memorised, 3 levels left

rFire  . . .     SeeInvis .     c - staff of poison
rCold  + . .     Clarity  .     k - +1 robe {rC+}
rNeg   + . .     SustAb   .     (no shield)
rPois  +         Gourm    .     b - +0 hat
rElec  .         Spirit   .     W - +2 cloak
rCorr  .         Warding  +     E - +2 pair of gloves
rMut   .         Stasis   .     l - +1 pair of boots
MR     +....                    G - amulet of warding
Stlth  ++........               F - ring of wizardry
                                H - ring of magical power

@: deflect missiles, somewhat resistant to hostile enchantments, unstealthy
A: hooves 1, thin metallic scales 1
a: Channel Energy, Forget Spell, Renounce Religion


You were on level 4 of the Lair of Beasts.
You worshipped Sif Muna.
Sif Muna was exalted by your worship.
You were not hungry.

You visited 3 branches of the dungeon, and saw 18 of its levels.
You also visited: Sewer and Ossuary.

You collected 750 gold pieces.
You spent 96 gold pieces at shops.

Inventory:

Hand weapons
 P - a +0 dagger of electrocution
 X - a +0 dagger of freezing
Armour
 b - a +0 hat (worn)
 k - a +1 robe of cold resistance (worn)
 l - a +1 pair of boots (worn)
 E - a +2 pair of gloves (worn)
 W - a +2 cloak (worn)
Magical staves
 c - an uncursed staff of poison (weapon)
 T - an uncursed staff of fire
Rods
 U - a +0 lightning rod (10/10)
   (You found it on level 1 of the Lair of Beasts)
Jewellery
 j - an uncursed ring of see invisible
 u - an uncursed amulet of stasis
 y - an uncursed amulet of resist corrosion
 A - an uncursed ring of protection from fire
 F - a ring of wizardry (right hand)
 G - an amulet of warding (around neck)
 H - a ring of magical power (left hand)
Magical devices
 q - a wand of fireball (4)
 w - a wand of slowing (19)
 L - a wand of confusion (11)
 Z - a wand of disintegration (17)
Scrolls
 o - 5 scrolls of remove curse
 p - 4 scrolls of immolation
 s - a scroll of fog
 C - a scroll of blinking
 D - 2 scrolls of recharging
 K - 6 scrolls of teleportation
 M - 4 scrolls of fear
Potions
 d - 2 potions of magic
 e - 4 potions of heal wounds
 f - 2 potions of flight
 g - 5 potions of brilliance
 n - a potion of haste
 r - 5 potions of ambrosia
 t - a potion of resistance
 x - 5 potions of curing
 z - a potion of cure mutation
 B - 4 potions of agility
 J - a potion of cancellation
Books
 v - a book of Envenomations

   Spells                             Type                      Level
   a - Spider Form                    Transmutation/Poison         3
   b - Alistair's Intoxication        Transmutation/Poison         4
   c - Olgreb's Toxic Radiance        Poison                       4
   d - Poisonous Cloud                Conjuration/Poison/Air       6
 N - a book of Death

   Spells                             Type                      Level
   a - Corpse Rot                     Necromancy                   2
   b - Sublimation of Blood           Necromancy                   2
   c - Agony                          Necromancy                   5
   d - Dispel Undead                  Necromancy                   5
   e - Excruciating Wounds            Charms/Necromancy            5
   f - Bolt of Draining               Conjuration/Necromancy       5
Miscellaneous
 R - a stone of tremors
 V - a phial of floods
Comestibles
 a - 4 fruits
 h - 11 meat rations
 i - 2 slices of pizza
 m - 6 bread rations
 I - 2 chunks of flesh


   Skills:
 + Level 5.4 Fighting
 + Level 8.7 Dodging
 - Level 2.4 Stealth
 * Level 13.8 Spellcasting
 + Level 7.7 Conjurations
 + Level 6.6 Charms
 - Level 3.8 Summonings
 - Level 3.1 Necromancy
 + Level 5.6 Translocations
 * Level 7.7 Fire Magic
 - Level 5.2 Air Magic
 - Level 2.1 Poison Magic
 * Level 6.7 Invocations
 + Level 5.5 Evocations


You had 3 spell levels left.
You knew the following spells:

 Your Spells              Type           Power        Failure   Level  Hunger
a - Magic Dart            Conj           ####         1%          1    None
b - Conjure Flame         Conj/Fire      ######..     1%          3    None
c - Call Imp              Summ           #####...     1%          2    None
d - Blink                 Tloc           N/A          1%          2    None
e - Mephitic Cloud        Conj/Pois/Air  ######..     1%          3    None
f - Deflect Missiles      Chrm/Air       ######....   16%         6    ####...
g - Swiftness             Chrm/Air       ######..     1%          2    None
h - Summon Forest         Summ/Tloc      #####.....   4%          5    None
i - Animate Dead          Necr           N/A          4%          4    None
j - Repel Missiles        Chrm/Air       ######       1%          2    None
v - Lightning Bolt        Conj/Air       ######....   3%          5    None


Dungeon Overview and Level Annotations

Branches:
Dungeon (12/15)            Temple (1/1) D:4            Lair (5/8) D:10
    Orc (0/4) D:10
  Swamp: Lair:3-6    Shoals: Lair:3-6     Snake: Lair:3-6    Spider: Lair:3-6

Altars:
Ashenzari
Cheibriados
Dithmenos
Elyvilon
Fedhas
Gozag
Kikubaaqudgha
Makhleb
Nemelex Xobeh
Okawaru
Qazlal
Ru
Sif Muna
Trog
Vehumet
Xom
Yredelemnul
Zin
The Shining One

Shops:
D:5 %   D:9 !


Innate Abilities, Weirdness & Mutations

You have large cloven feet.
You are partially covered in thin metallic scales (AC +2).


Message History

* * * LOW HITPOINT WARNING * * *
The ice beast hits you but does no damage. x2
You climb upwards.
There is a stone staircase leading down, spattered with blood here.
Casting: Animate Dead
Confirm with . or Enter, or press ? or * to list all spells.
You blink.
The ice beast closely misses you.
Your hound zombie bites something but does no damage.
Something hits your hound zombie. Something freezes your hound zombie.
Your hound zombie resists.
Casting: Blink
Confirm with . or Enter, or press ? or * to list all spells.
You blink.
Your wolf skeleton bites something!
Your polar bear zombie closely misses something.
Your polar bear zombie claws something but does no damage.
Your polar bear zombie barely misses something.
The polar bear bites your hound zombie!!
Your hound zombie is destroyed!
The black mamba bites you!
You die...

..###.............#
#.
.........P###........
. ....[.#.###
#P....##. ........#
##..#### .....#.##
##....## .......###
##.......
###.......###......#
# ###......h#...## ##
####.#Z§.Y.S@# .#
#ZZY#§#..# .###
##hZ.###...# ...# ##
♣.#..# ###..P
...###.####.## #...
PP..........### #...
.#..........#.# ..
#....###P.....#####
##...#####........#


You could see a polar bear, a black mamba, 2 ice beasts, a friendly water
moccasin zombie, a friendly polar bear zombie and a friendly wolf skeleton.

Vanquished Creatures
  A hydra (Lair:4)
  A catoblepas (Lair:4)
  Erica (Lair:3)
  Pikel (D:8)
  A griffon (Lair:4)
  A black mamba (Lair:3)
  Maurice (D:9)
  The ghost of faibistes the Thaumaturge, an experienced DEWz (Ossuary)
  Joseph (D:7)
  5 spiny frogs
  3 komodo dragons
  3 blink frogs (Lair:4)
  2 trolls
  3 basilisks (D:10)
  A shadow (D:9)
  A wraith (D:12)
  20 yaks
  5 hippogriffs
  2 hungry ghosts
  6 water moccasins
  6 porcupines
  A soldier ant (D:11)
  An orc warrior (D:10)
  2 sky beasts (D:7)
  An ice beast (Lair:1)
  A necrophage (D:10)
  2 slaves (D:8)
  A centaur (D:9)
  5 ogres
  Sigmund (D:3)
  6 crocodiles
  A blink frog skeleton (Lair:4)
  A big kobold (D:8)
  11 giant frogs
  Blork the orc (D:6)
  2 scorpions (D:7)
  5 wights
  A goliath beetle (D:7)
  9 killer bees
  2 centaur zombies (D:9)
  3 crimson imps
  12 hounds
  4 giant frog skeletons
  A gnoll shaman (D:3)
  3 jellies (D:9)
  3 orc priests
  3 polar bear simulacra (Lair:2)
  Natasha (thrice) (D:5)
  10 orc wizards
  A yak simulacrum (Lair:2)
  3 iguanas
  9 worker ants
  19 sheep
  2 wolf simulacra (Lair:2)
  6 big kobold zombies (Ossuary)
  Ijyb (D:2)
  2 hound skeletons
  3 mummies
  A worker ant zombie (D:5)
  16 gnolls
  7 river rats
  A shadow imp (D:8)
  13 adders
  11 giant mites
  2 worms
  2 adder zombies
  12 giant geckos
  18 oozes
  33 orcs
  8 ball pythons
  12 bats
  A bat simulacrum (Ossuary)
  2 bat skeletons
  A bat zombie (D:5)
  19 giant cockroaches
  4 gnoll zombies (Ossuary)
  19 goblins
  15 hobgoblins
  17 jackals
  14 kobolds
  9 quokkas
  A giant cockroach zombie (D:5)
  9 giant newts
  2 giant spores (D:8)
  5 goblin simulacra (Ossuary)
  5 goblin zombies (Ossuary)
  5 hobgoblin zombies (Ossuary)
  A kobold simulacrum (Ossuary)
  4 kobold zombies (Ossuary)
  2 orc zombies (Ossuary)
  A quokka zombie (D:5)
  12 rats
  2 river rat simulacra (Lair:2)
  2 spectral goblins (Ossuary)
  A spectral kobold (Ossuary)
  2 spectral rats (Ossuary)
  9 ballistomycetes
  2 butterflies (D:4)
  A fungus (Lair:3)
  A plant (Lair:4)
512 creatures vanquished.

Vanquished Creatures (collateral kills)
  A hydra (D:10)
  A necromancer (Lair:2)
  A manticore (Lair:4)
  A griffon (Lair:4)
  A gargoyle (D:10)
  2 spiny frogs
  A komodo dragon (Lair:1)
  2 wolves (Lair:4)
  A polar bear (Lair:4)
  2 blink frogs (Lair:4)
  6 yaks
  A hippogriff (Lair:3)
  3 porcupines (Lair:4)
  3 water moccasins
  A wasp (D:12)
  An ice beast (Lair:1)
  A crocodile (Lair:4)
  An electric eel (Lair:2)
  A killer bee (D:8)
  A hound (Lair:4)
  2 iguanas (Lair:1)
  8 sheep
  A polar bear simulacrum (Lair:2)
  2 yak simulacra (Lair:2)
  An adder (Sewer)
  15 river rats
  2 giant geckos (D:4)
  3 orcs (D:12)
  2 ball pythons (Sewer)
  A giant cockroach (Sewer)
  2 hobgoblins
  A jackal (D:2)
  A bush (D:10)
  3 fungi
  6 plants
82 creatures vanquished.

Vanquished Creatures (others)
  Fannar (Lair:1)
  2 spiny frog zombies
  A blink frog zombie (Lair:4)
  A manticore zombie (Lair:4)
  A blink frog skeleton (Lair:4)
  2 water moccasin zombies
  A yak zombie (Lair:3)
  A crimson imp (D:7)
  A giant frog zombie (Lair:2)
  A big kobold zombie (Ossuary)
  A hound skeleton (Lair:2)
  A hound zombie (Lair:4)
  An iguana zombie (Lair:1)
  A sheep skeleton (Lair:3)
  4 sheep zombies (Lair:3)
  2 spectral bats (Ossuary)
  A gnoll zombie (Ossuary)
  3 bat simulacra (Ossuary)
  2 giant spores
  A goblin simulacrum (Ossuary)
  A goblin zombie (Ossuary)
  A kobold simulacrum (Ossuary)
  A kobold zombie (Ossuary)
  A spectral goblin (Ossuary)
  A spectral rat (Ossuary)
  8 fungi
  10 plants
  A snaplasher vine (Lair:1)
  686 snaplasher vine segments
739 creatures vanquished.

Grand Total: 1333 creatures vanquished

Notes
Turn   | Place    | Note
--------------------------------------------------------------
     0 | D:1      | faibistes, the Deep Elf Wizard, began the quest for the Orb.
     0 | D:1      | Reached XP level 1. HP: 10/10 MP: 6/6
   319 | D:1      | Reached XP level 2. HP: 7/15 MP: 1/10
   574 | D:1      | Learned a level 2 spell: Blink
   577 | D:1      | Learned a level 2 spell: Call Imp
   989 | D:1      | Reached skill level 5 in Spellcasting
  1807 | D:1      | Reached XP level 3. HP: 19/19 MP: 10/14
  1812 | D:1      | Learned a level 3 spell: Conjure Flame
  1816 | D:1      | Learned a level 3 spell: Mephitic Cloud
  2219 | D:4      | Found a sand-covered staircase.
  2246 | Ossuary  | Entered an ossuary
  2347 | Ossuary  | Noticed faibistes' ghost (experienced DEWz)
  2375 | Ossuary  | Killed faibistes' ghost
  2375 | Ossuary  | Reached skill level 7 in Spellcasting
  2375 | Ossuary  | Reached XP level 4. HP: 20/24 MP: 1/20
  2375 | Ossuary  | Reached XP level 5. HP: 23/28 MP: 1/21
  2375 | Ossuary  | Reached XP level 6. HP: 26/32 MP: 1/23
  2383 | Ossuary  | Learned a level 2 spell: Repel Missiles
  3404 | D:5      | Entered Level 5 of the Dungeon
  3436 | D:5      | Noticed Natasha
  3447 | D:5      | Reached XP level 7. HP: 35/37 MP: 14/25
  3619 | D:5      | Killed Natasha
  3619 | D:5      | Reached skill level 1 in Fighting
  3619 | D:5      | Reached skill level 8 in Spellcasting
  3653 | D:5      | Found a glowing drain.
  3654 | D:5      | Noticed Natasha
  3674 | Sewer    | Entered a sewer
  5656 | D:4      | Reached skill level 5 in Dodging
  5656 | D:4      | Reached skill level 9 in Spellcasting
  5945 | D:5      | Killed Natasha
  6013 | D:5      | Noticed Natasha
  6019 | D:5      | Killed Natasha
  6085 | D:4      | Found an ancient bone altar of Kikubaaqudgha.
  6085 | D:4      | Found a bloodstained altar of Trog.
  6146 | D:7      | Reached XP level 8. HP: 42/45 MP: 24/28
  6177 | D:7      | Noticed Joseph
  6387 | D:5      | Found a radiant altar of Vehumet.
  6576 | D:2      | Found a white marble altar of Elyvilon.
  6694 | D:3      | Gained mutation: You have large cloven feet. [potion of beneficial mutation]
  6841 | D:2      | Found a sparkling altar of Nemelex Xobeh.
  7095 | D:2      | Found a shadowy altar of Dithmenos.
  7396 | D:2      | Noticed Ijyb
  7413 | D:2      | Killed Ijyb
  8036 | D:3      | Noticed Sigmund
  8042 | D:3      | Killed Sigmund
  8237 | D:3      | Reached skill level 10 in Spellcasting
  9305 | D:4      | Found an opulent altar of Gozag.
  9366 | D:4      | Found a staircase to the Ecumenical Temple.
  9371 | Temple   | Entered the Ecumenical Temple
  9521 | Temple   | Became a worshipper of Sif Muna the Loreminder
 10143 | D:5      | Found Rimafyar's Food Boutique.
 10528 | D:7      | Reached skill level 1 in Air Magic
 10528 | D:7      | Reached skill level 1 in Poison Magic
 10563 | D:7      | Reached skill level 1 in Fire Magic
 11465 | D:6      | Found a glowing golden altar of the Shining One.
 11508 | D:6      | Noticed Blork the orc
 11521 | D:6      | Killed Blork the orc
 11521 | D:6      | Reached XP level 9. HP: 46/52 MP: 21/30
 11905 | D:6      | Acquired Sif Muna's first power
 12177 | D:7      | Killed Joseph
 12177 | D:7      | Reached skill level 5 in Conjurations
 12589 | D:7      | Reached skill level 11 in Spellcasting
 12820 | D:7      | Acquired Sif Muna's second power
 13395 | D:7      | Learned a level 5 spell: Lightning Bolt
 13398 | D:7      | Learned a level 2 spell: Swiftness
 14125 | D:8      | Reached skill level 1 in Invocations
 14177 | D:8      | Reached skill level 1 in Evocations
 14314 | D:8      | Found a sparkling altar of Nemelex Xobeh.
 14436 | D:8      | Found a basalt altar of Yredelemnul.
 14439 | D:8      | Got an ichor-stained flail
 14440 | D:8      | Identified the +7 flail of Grixaf {crush, rC+ rN+ MP-9 Str+6 Dex+2} (You found it on level 8 of the Dungeon)
 14927 | D:8      | Reached skill level 1 in Charms
 15139 | D:8      | Reached XP level 10. HP: 44/56 MP: 19/32
 15383 | D:8      | Noticed Pikel
 15393 | D:8      | Killed Pikel
 15963 | D:9      | Learned a level 5 spell: Summon Forest
 16066 | D:10     | Entered Level 10 of the Dungeon
 16312 | D:9      | Found a white marble altar of Elyvilon.
 16615 | D:9      | Found Wourheph's Distillery.
 16630 | D:9      | Bought a potion of heal wounds for 80 gold pieces
 16630 | D:9      | Bought a potion of degeneration for 16 gold pieces
 16776 | D:10     | Noticed Maurice
 17350 | D:9      | Reached skill level 12 in Spellcasting
 17414 | D:9      | Killed Maurice
 18375 | D:9      | Reached skill level 5 in Fire Magic
 18462 | D:9      | Reached XP level 11. HP: 50/62 MP: 14/34
 18694 | D:10     | Reached skill level 5 in Air Magic
 19027 | D:10     | Found a staircase to the Orcish Mines.
 19300 | D:12     | Acquired Sif Muna's third power
 19527 | D:10     | Found a staircase to the Lair.
 19553 | D:10     | Gained mutation: You are partially covered in thin metallic scales (AC +2). [potion of beneficial mutation]
 20000 | Lair:1   | Entered Level 1 of the Lair of Beasts
 20000 | Lair:1   | Noticed a seven-headed hydra
 20014 | D:10     | Killed a seven-headed hydra
 20366 | Lair:1   | Learned a level 4 spell: Animate Dead
 20580 | Lair:2   | Reached skill level 1 in Necromancy
 20580 | Lair:2   | Reached skill level 5 in Invocations
 20585 | Lair:2   | Noticed Fannar
 21138 | Lair:1   | Reached skill level 5 in Fighting
 21339 | Lair:2   | Reached skill level 5 in Charms
 21625 | Lair:1   | Killed Fannar
 22878 | Lair:2   | Noticed a necromancer
 22893 | Lair:2   | Killed a necromancer
 23154 | Lair:2   | Reached skill level 5 in Translocations
 23154 | Lair:2   | Reached XP level 12. HP: 30/68 MP: 2/35
 23380 | Lair:2   | Learned a level 6 spell: Deflect Missiles
 23412 | Lair:2   | Reached skill level 13 in Spellcasting
 24575 | Lair:3   | Noticed Erica
 24591 | Lair:3   | Killed Erica
 24939 | Lair:4   | Reached skill level 5 in Evocations
 24983 | Lair:4   | Noticed a catoblepas
 24992 | Lair:4   | Killed a catoblepas
 25283 | Lair:4   | Received a gift from Sif Muna
 25443 | Lair:5   | Noticed a six-headed hydra
 25468 | Lair:4   | Killed a six-headed hydra
 26012 | Lair:4   | Slain by a black mamba

Action                   |  1- 3 |  4- 6 |  7- 9 | 10-12 || total
-------------------------+-------+-------+-------+-------++-------
Melee: Unarmed           |     2 |       |       |       ||     2
       Dagger            |    24 |    28 |   162 |   201 ||   415
       Staff             |       |       |       |    25 ||    25
 Cast: Magic Dart        |    91 |    28 |   744 |   175 ||  1038
       Call Imp          |     2 |       |     5 |       ||     7
       Conjure Flame     |     9 |    20 |    28 |    43 ||   100
       Mephitic Cloud    |       |     1 |    45 |    30 ||    76
       Repel Missiles    |       |     1 |     1 |       ||     2
       Blink             |       |       |    19 |    35 ||    54
       Lightning Bolt    |       |       |     2 |   163 ||   165
       Summon Forest     |       |       |       |    14 ||    14
       Animate Dead      |       |       |       |    19 ||    19
       Deflect Missiles  |       |       |       |     1 ||     1
Invok: Channel Energy    |       |       |       |     4 ||     4
  Use: Scroll            |     5 |     2 |    21 |     5 ||    33
       Potion            |       |       |     4 |     3 ||     7
 Stab: Confused          |       |     1 |     1 |     2 ||     4
       Sleeping          |       |       |       |     2 ||     2
  Eat: Chunk             |     4 |     1 |    33 |    32 ||    70
       Pizza             |       |     1 |       |     2 ||     3
       Bread ration      |       |       |     1 |     1 ||     2
       Royal jelly       |       |       |       |     1 ||     1
       Beef jerky        |       |       |       |     1 ||     1
